 Dungeon Crawl Stone Soup version 0.21-a0-578-gc6e9d75 (webtiles) character file.

5 tidbits the Sneak (level 1, 2/7 HPs)
             Began as a Felid Ice Elementalist on Dec 18, 2017.
             Quit the game on level 2 of the Dungeon.
             The game lasted 00:01:52 (294 turns).

tidbits the Sneak (Felid Ice Elementalist)           Turns: 294, Time: 00:01:53

Health: 2/7        AC:  1    Str:  4    XL:     1   Next: 66%
Magic:  1/4        EV: 18    Int: 16    God:
Gold:   37         SH:  3    Dex: 16    Spells: 3/4 levels left
                                        Lives:  0   Deaths: 0

rFire    . . .     SeeInvis +   (weapon unavailable)
rCold    . . .     Gourm    .   (shield unavailable)
rNeg     . . .     Faith    .   (armour unavailable)
rPois    .         Spirit   .   (helmet unavailable)
rElec    .         Reflect  +   (cloak unavailable)
rCorr    .         Harm     .   (gloves unavailable)
MR       .....                  (boots unavailable)
Stlth    +++.......             e - +3 amulet of reflection
HPRegen  0.02/turn              d - -2 ring of slaying (curse)
MPRegen  0.09/turn              (no ring)

@: very slightly contaminated, quick
A: very small, no armour, no weapons or thrown items, stealth, claws 1, fangs 3,
see invisible, carnivore, speed 1, shaggy fur 1, slow metabolism 1, sharp paws
a: no special abilities


You were on level 2 of the Dungeon.
You were not hungry.

You visited 1 branch of the dungeon, and saw 3 of its levels.

You collected 37 gold pieces.

Inventory:

Missiles
 c - 61 stones
Jewellery
 d - a cursed -2 ring of slaying (left paw)
   (You found it on level 1 of the Dungeon)
 e - a +3 amulet of reflection (around neck)
   (You found it on level 1 of the Dungeon)
Potions
 f - a potion of haste {unknown}
Books
 a - a book of Frost

   Spells                             Type                      Level
   a - Freeze                         Ice                          1
   b - Throw Frost                    Conjuration/Ice              2
   c - Ozocubu's Armour               Charms/Ice                   3
   d - Throw Icicle                   Conjuration/Ice              4
   e - Summon Ice Beast               Ice/Summoning                4
Comestibles
 b - a ration


   Skills:
 - Level 2.7 Dodging
 - Level 2.8 Stealth
 + Level 0.8 Unarmed Combat
 - Level 2.0 Spellcasting
   Level 0.8 Conjurations
 - Level 2.7 Ice Magic


You had 3 spell levels left.
You knew the following spells:

 Your Spells              Type           Power        Failure   Level  Hunger
a - Freeze                Ice            ##..         7%          1    #......


Dungeon Overview and Level Annotations

Branches:
Dungeon (3/15)

Altars:


Innate Abilities, Weirdness & Mutations

You cannot wear armour.
You are incapable of wielding weapons or throwing items.
Your paws allow you to move quietly. (Stealth)
You have sharp claws.
You have razor-sharp teeth.
You have supernaturally acute eyesight. (SInv)
You are carnivorous and can eat meat at any time.
You cover ground quickly.
You are covered in fur. (AC +1)
You have a slow metabolism.
Your sharp claws are effective at attacking unaware monsters.


Message History

You can't see any susceptible monsters within range! (Use Z to cast anyway.) Unknown command.
Casting: Freeze
Confirm with . or Enter, or press ? or * to list all spells.
Aiming: Freeze
Press: ? - help, Shift-Dir - straight line, f - rat
Aim: a rat You freeze the rat.
The rat is heavily wounded.
The rat closely misses you.
Casting: Freeze
Confirm with . or Enter, or press ? or * to list all spells.
Aiming: Freeze
Press: ? - help, Shift-Dir - straight line, f/p - rat
Aim: a rat (heavily wounded)
You freeze the rat.
You kill the rat!
Found a mace.
Found a runed blue amulet.
Found a hunting sling.
Found 10 gold pieces.
e - a runed blue amulet Put on which piece of jewellery? (? for menu, Esc to quit)
e - a +3 amulet of reflection (around neck)
Found 16 stones.
You now have 37 gold pieces (gained 10).
Found 16 sling bullets.
Found 18 stones.
Found a stone staircase leading down.
c - 43 stones (gained 16)
There is a stone staircase leading down here.
c - 61 stones (gained 18)
There is a stone staircase leading down here.
You climb downwards.
There is a stone staircase leading up here.
A rat comes into view.
The rat bites you.
Casting: Freeze
Confirm with . or Enter, or press ? or * to list all spells.
Aiming: Freeze
Press: ? - help, Shift-Dir - straight line, f - rat
Aim: a rat You freeze the rat.
You kill the rat!
Found an escape hatch in the ceiling.
There is an escape hatch in the ceiling here.
Found a smoky silvery potion.
f - a smoky silvery potion A jackal comes into view.
Casting: Freeze
Confirm with . or Enter, or press ? or * to list all spells.
Aiming: Freeze
Press: ? - help, Shift-Dir - straight line, f - jackal
Aim: a jackal You freeze the jackal.
The jackal is severely wounded.
The jackal bites you. The jackal misses you.
Casting: Freeze
Confirm with . or Enter, or press ? or * to list all spells.
Aiming: Freeze
Press: ? - help, Shift-Dir - straight line, f/p - jackal
Aim: a jackal (severely wounded)
You miscast Freeze.
You are very lightly contaminated with residual magic.
Nothing appears to happen.
The jackal misses you.
Casting: Freeze
Confirm with . or Enter, or press ? or * to list all spells.
Aiming: Freeze
Press: ? - help, Shift-Dir - straight line, f/p - jackal
Aim: a jackal (severely wounded)
You miscast Freeze.
You feel uncomfortably cold. The jackal bites you.
* * * LOW HITPOINT WARNING * * *
Casting: Freeze
Confirm with . or Enter, or press ? or * to list all spells.
Aiming: Freeze
Press: ? - help, Shift-Dir - straight line, f/p - jackal
Aim: a jackal (severely wounded)
You freeze the jackal.
You kill the jackal! 2 jackals come into view.
The jackal barks!
Found 16 arrows.
A jackal comes into view.
You see here a jackal corpse.
The jackal misses you.
The jackal barks!
The jackal misses you. The jackal completely misses you.
Casting: Freeze
Confirm with . or Enter, or press ? or * to list all spells.
Aiming: Freeze
Press: ? - help, Shift-Dir - straight line, f - jackal
Aim: a jackal You freeze the jackal.
The jackal is heavily wounded.
The jackal misses you. The jackal completely misses you.
Casting: Freeze
Confirm with . or Enter, or press ? or * to list all spells.
You don't have enough magic to cast that spell.
Are you sure you want to abandon this character and quit the game? (Confirm with "yes".)

. #.....#....###........†..#
#...###...#..........#####.#
##. ###....###.###.# #.# #
##.#.# #.# #.# #.# #.#....#.
..# #.# #.#####.##### #h#
#.# #.# #h# #.# #.# #.# .#
#@#########.# .#
#.h.hh......# #############


You could see 3 jackals.

Vanquished Creatures
  2 bats
  A jackal (D:2)
  A ball python (D:1)
  2 rats
6 creatures vanquished.

Notes
Turn   | Place    | Note
-------+----------+-------------------------------------------
     0 | D:1      | tidbits the Felid Ice Elementalist began the quest for the Orb.
     0 | D:1      | Reached XP level 1. HP: 7/7 MP: 4/4
   294 | D:2      | Quit the game

Vault maps used:
D:1:      scummos_arrival_gate
D:2:      nicolae_overflow_hidden_temple, first_ration
D:3:      bloody_trog

Action                   || total
-------------------------++-------
Melee: Unarmed           ||     1
 Cast: Freeze            ||     9
Armor: Skin              ||     1
Dodge: Dodged            ||    12

Table legend:
 A = Spawn XP
 B = Non-spawn XP
 C = Spawn XP percentage of total XP
 D = Spawn monster count
 E = Non-spawn monster count
 F = Spawn count percentage of total count
 G = Total turns spent on level
                    A         B        C        D         E        F      G
               +---------+---------+-------+---------+---------+-------+---------
         Total |       0 |       8 |   0.0 |       0 |       6 |   0.0 |   294
               +---------+---------+-------+---------+---------+-------+---------
           D:1 |       0 |       3 |   0.0 |       0 |       3 |   0.0 |   196
           D:2 |       0 |       5 |   0.0 |       0 |       3 |   0.0 |    94
               +---------+---------+-------+---------+---------+-------+---------

Table legend:
 A = Turns spent in this place as a percentage of turns spent in the entire game.
 B = Non-inter-level travel turns spent in this place as a percentage of non-inter-level travel turns spent in the entire game.
 C = Inter-level travel turns spent in this place as a percentage of turns spent in this place.
 D = Turns resting spent in this place as a percentage of non-inter-level travel turns spent in this place.
 E = Turns spent auto-exploring this place as a percentage of non-inter-level travel turns spent in this place.
 F = Non-inter-level travel turns spent in this place divided by the number of levels of this place that you've seen.
                   A       B       C       D       E      F
               +-------+-------+-------+-------+-------+----------------------
         Total | 100.0 | 100.0 |   0.0 |   0.0 |   8.2 |  98.0
       Dungeon | 100.0 | 100.0 |   0.0 |   0.0 |   8.2 |  98.0
               +-------+-------+-------+-------+-------+----------------------

Table legend:
 A = Kills in this place as a percentage of kills in entire the game.
 B = Kills by you in this place as a percentage of kills by you in the entire game.
 C = Kills by friends in this place as a percentage of kills by friends in the entire game.
 D = Other kills in this place as a percentage of other kills in the entire game.
 E = Experience gained in this place as a percentage of experience gained in the entire game.
 F = Experience gained in this place divided by the number of levels of this place that you have seen.
                   A       B       C       D       E      F
               +-------+-------+-------+-------+-------+----------------------
         Total | 100.0 | 100.0 |   N/A |   N/A | 100.0 |   2.7
       Dungeon | 100.0 | 100.0 |   N/A |   N/A | 100.0 |   2.7
               +-------+-------+-------+-------+-------+----------------------

Vault maps used:
D:1:      scummos_arrival_gate
D:2:      nicolae_overflow_hidden_temple, first_ration
D:3:      bloody_trog
